 Dungeon Crawl Stone Soup version 0.25-a0-67-g7dccc1bee0 (webtiles) character file.

Game seed: 12926714282873285552, levelgen mode: deterministic

52 iamserjio the Stinger (level 3, -11/22 HPs)
             Began as an Octopode Venom Mage on Nov 1, 2019.
             Was an Initiate of Makhleb.
             Mangled by an iguana (14 damage)
             ... on level 4 of the Dungeon.
             The game lasted 00:06:06 (4203 turns).

iamserjio the Stinger (Octopode Venom Mage)         Turns: 4203, Time: 00:06:07

Health: -11/22     AC:  1    Str:  8    XL:     3   Next: 85%
Magic:  1/6        EV: 20    Int: 17    God:    Makhleb [......]
Gold:   149        SH:  0    Dex: 17    Spells: 0/6 levels left

rFire    . . .     SeeInvis .   f - +0 dagger (speed)
rCold    . . .     Gourm    .   (no shield)
rNeg     . . .     Faith    .   (helmet restricted)
rPois    .         Spirit   .   (no amulet)
rElec    .         Reflect  .   (no ring)
rCorr    .         Harm     .   (no ring)
MR       .....                  (no ring)
Stlth    ++++......             (no ring)
HPRegen  0.07/turn              (no ring)
MPRegen  0.10/turn              (no ring)
                                (no ring)
                                (no ring)

@: agile, very slightly contaminated
A: almost no armour, stealthy swim, amphibious, 8 rings, constrict 8, camouflage
1, gelatinous body 1
a: Renounce Religion


You were on level 4 of the Dungeon.
You worshipped Makhleb.
Makhleb was noncommittal.
You were not hungry.

You visited 1 branch of the dungeon, and saw 4 of its levels.

You collected 149 gold pieces.

Inventory:

Hand Weapons
 a - a +0 dagger
 f - a +0 dagger of speed (weapon)
 k - a +0 falchion
Missiles
 c - 37 sling bullets
 p - 72 stones (quivered)
Armour
 q - a +0 buckler
Jewellery
 d - an uncursed ring of positive energy {unknown}
Wands
 t - a wand of random effects (12)
Scrolls
 e - 2 scrolls of magic mapping
 h - a scroll of enchant weapon {unknown}
 i - a scroll of teleportation {unknown}
 j - a scroll of noise
 l - 2 scrolls of amnesia
 o - a scroll of random uselessness
 r - a scroll of enchant armour {unknown}
Potions
 s - a potion of berserk rage {unknown}
Comestibles
 b - 4 rations


   Skills:
 + Level 0.7 Fighting
 - Level 3.2 Dodging
 - Level 2.6 Stealth
 - Level 2.0 Spellcasting
 - Level 1.0 Conjurations
 * Level 1.3 Air Magic
 - Level 4.0 Poison Magic


You couldn't memorise any spells.
You knew the following spells:

 Your Spells              Type           Power        Failure   Level  Hunger
a - Sting                 Conj/Pois      ##..         7%          1    #......
b - Poisonous Vapours     Pois/Air       ##....       10%         2    ###....
c - Mephitic Cloud        Conj/Pois/Air  #.......     24%         3    ###....

Your spell library contained the following spells:

 Spells                   Type           Power        Failure   Level  Hunger
 Olgreb's Toxic Radiance  Pois           ###.....     36%         4    #####..
 Venom Bolt               Conj/Pois      ##........   88%         5    ######.


Dungeon Overview and Level Annotations

Branches:
Dungeon (4/15)
 Temple: D:4-7

Altars:
Dithmenos
Elyvilon
Kikubaaqudgha
Makhleb
Zin
The Shining One


Innate Abilities, Weirdness & Mutations

You cannot wear most types of armour.
You are very stealthy in the water. (Stealth+)
You are amphibious.
You can wear up to eight rings at the same time.
You can use your tentacles to constrict eight enemies at once.
Your skin changes colour to match your surroundings (Stealth+).
Your rubbery body absorbs attacks. (AC +1, EV +1)


Message History

Okay, then.
Okay, then.
Casting: Poisonous Vapours (safe; 10% risk of failure)
Okay, then.
You closely miss the iguana. Your grab misses the iguana.
The iguana misses you.
You closely miss the iguana. You grab the iguana.
You constrict the iguana, but do no damage.
You hit the iguana but do no damage.
You constrict the iguana, but do no damage.
The iguana completely misses you.
You hit the iguana but do no damage.
You constrict the iguana, but do no damage.
The iguana completely misses you.
You hit the iguana but do no damage.
You squeeze the iguana, but do no damage.
You constrict the iguana, but do no damage.
The iguana bites you!
Ouch! That really hurt!
You die...

##### ## ###....
..# #.....# #.#
#..... ... ....#
#.# #.####..# #.#
#.......###.#######
#.....>...l........
.......####@######
#...... #.# #......
#.# #...... #.#
#...... #.# #......
#.# #...... #.# #.#
#.#


You could see an iguana.

Vanquished Creatures
  A worm (D:3)
  2 dart slugs
  A leopard gecko (D:3)
  2 ball pythons
  4 bats
  2 giant cockroaches
  10 goblins
  2 hobgoblins (D:1)
  3 kobolds
  A quokka (D:2)
  4 frilled lizards
  A jackal skeleton (D:4)
  A quokka skeleton (D:4)
  8 rats
42 creatures vanquished.

Notes
Turn   | Place    | Note
-------+----------+-------------------------------------------
     0 | D:1      | iamserjio the Octopode Venom Mage began the quest for the
                  | Orb.
     0 | D:1      | Reached XP level 1. HP: 11/11 MP: 3/3
   270 | D:1      | Reached XP level 2. HP: 17/17 MP: 3/5
   443 | D:1      | Reached skill level 4 in Poison Magic
   748 | D:1      | Learned a level 2 spell: Poisonous Vapours
   905 | D:1      | Reached XP level 3. HP: 20/21 MP: 1/6
  1538 | D:2      | Learned a level 3 spell: Mephitic Cloud
  1661 | D:2      | Reached skill level 1 in Air Magic
  1717 | D:2      | Found a burning altar of Makhleb.
  1719 | D:2      | Noticed a blizzard demon
  1723 | D:2      | Noticed a hellwing
  1723 | D:2      | Noticed a smoke demon
  2198 | D:2      | Became a worshipper of Makhleb the Destroyer
  2638 | D:3      | Found a shadowy altar of Dithmenos.
  2667 | D:3      | Found an ancient bone altar of Kikubaaqudgha.
  3145 | D:3      | Found a glowing golden altar of the Shining One.
  3145 | D:3      | Found a white marble altar of Elyvilon.
  3145 | D:3      | Found a glowing silver altar of Zin.
  4203 | D:4      | Mangled by an iguana

Levels and vault maps discovered:
D:1:      sevenhm_arrival_forest_fort_small_3, layout_basic, minmay_unequal
D:2:      layout_basic, makhleb_altar_promises_db, first_ration,
          columned_hall_lemuel
D:3:      layout_basic, good_gods_mini_temple, marbit_many_paths,
          overflow_temple_1_default
D:4:      layout_basic, okawaru_gym_becter, uniq_robin

Skill      XL: |  1  2  3 |
---------------+----------+-----
Poison Magic   | 4 |  4.0
Dodging        | 3 |  3.2
Air Magic      | 1 |  1.3
Fighting       | |  0.7
Stealth        | |  2.6
Spellcasting   | |  2.0
Conjurations   | |  1.0

Action                   || total
-------------------------++-------
Melee: Dagger            ||    25
       Tentacles         ||     6
       Constrict         ||     6
 Cast: Sting             ||    72
  Use: Scroll            ||     7
       Potion            ||     2
  Eat: Chunk             ||     5
       Ration            ||     2
Armor: Skin              ||     2
Dodge: Dodged            ||    16

Table legend:
 A = Non-vault XP
 B = Vault XP
 C = Vault XP percentage of total XP
 D = Non-vault monster count
 E = Vault monster count
 F = Vault count percentage of total count
                 A         B        C        D         E       F
            +---------+---------+-------+---------+---------+-------
      Total |      73 |       2 |   2.7 |      40 |       2 |   4.8
            +---------+---------+-------+---------+---------+-------
        D:1 |      38 |       1 |   2.6 |      22 |       1 |   4.3
        D:2 |      20 |       0 |   0.0 |      11 |       0 |   0.0
        D:3 |      13 |       1 |   7.1 |       5 |       1 |  16.7
        D:4 |       2 |       0 |   0.0 |       2 |       0 |   0.0
            +---------+---------+-------+---------+---------+-------
